 Dungeon Crawl Stone Soup version 0.19.1-1-g22dce08 (webtiles) character file.

112 ponk the Covert (level 4, -2/22 HPs)
             Began as a Spriggan Assassin on Jan 10, 2017.
             Slain by a gnoll
             ... wielding a +0 spear
              (4 damage)
             ... on level 3 of the Dungeon.
             The game lasted 00:12:30 (2444 turns).

ponk the Covert (Spriggan Assassin)                 Turns: 2444, Time: 00:12:31

Health: -2/22      AC:  5    Str:  7    XL:     4   Next: 63%
Magic:  5/5        EV: 20    Int: 12    God:
Gold:   139        SH:  0    Dex: 18    Spells: 0 memorised, 3 levels left

rFire  . . .     SeeInvis +     a - +2 dagger
rCold  . . .     Gourm    .     c - +0 robe
rNeg   . . .     Faith    .     (shield restricted)
rPois  .         Spirit   .     (helmet restricted)
rElec  .         Reflect  .     f - +2 cloak
rCorr  .         Harm     .     (gloves unavailable)
MR     .....                    (boots unavailable)
Stlth  ++++......               (no amulet)
                                (no ring)
                                m - +3 ring of evasion

@: very quick
A: unfitting armour, see invisible, herbivore 3, speed 3, slow metabolism 2
a: no special abilities


You were on level 3 of the Dungeon.
You were not hungry.

You visited 1 branch of the dungeon, and saw 3 of its levels.

You collected 139 gold pieces.

Inventory:

Hand Weapons
 a - a +2 dagger (weapon)
 b - a +0 blowgun
 y - a +0 dagger
Missiles
 e - 2 poisoned needles
Armour
 c - a +0 robe (worn)
 f - a +2 cloak (worn)
Jewellery
 m - a +3 ring of evasion (left hand)
 p - an uncursed ring of stealth {unknown}
Wands
 d - a wand of teleportation (3/9)
Scrolls
 j - 2 scrolls of identify
 k - a scroll of remove curse {unknown}
 o - a scroll of enchant armour {unknown}
 q - a scroll of noise {unknown}
 r - a scroll of fear {unknown}
 s - a scroll of blinking {unknown}
 u - a scroll of immolation {unknown}
 x - a scroll of teleportation {unknown}
Potions
 h - a potion of cure mutation {unknown}
 i - a potion of might
 l - a potion of heal wounds
 n - 2 potions of agility {unknown}
 t - a potion of resistance {unknown}
 v - a potion of magic {unknown}
 w - a potion of haste {unknown}
Comestibles
 g - a bread ration


   Skills:
 - Level 1.5 Fighting
 - Level 2.2 Short Blades
 - Level 2.1 Throwing
 - Level 1.5 Dodging
 + Level 9.1 Stealth


You had 3 spell levels left.
You didn't know any spells.

Dungeon Overview and Level Annotations

Branches:
Dungeon (3/15)

Altars:
Fedhas


Innate Abilities, Weirdness & Mutations

You are very small and have problems with some larger weapons.
You are too small for most types of armour.
You have supernaturally acute eyesight. (SInv)
You are a herbivore.
You cover ground extremely quickly.
You need consume almost no food.


Message History

You start resting.
You are too injured to fight recklessly!
You are too injured to fight recklessly!
You hit the gnoll but do no damage. The gnoll hits you but does no damage.
You barely miss the gnoll. You hit the gnoll.
The gnoll is lightly wounded.
The gnoll misses you.
You closely miss the gnoll.
The gnoll is lightly wounded.
The gnoll closely misses you. The gnoll barely misses you.
You hit the gnoll.
The gnoll is moderately wounded.
The gnoll hits you from afar with a spear.
* * * LOW HITPOINT WARNING * * *
The gnoll barely misses you.
You hit the gnoll but do no damage.
The gnoll is moderately wounded.
The gnoll hits you from afar with a spear.
You die...

...... .♣....♣♣♣...#.#.#
..♣...♣.!g♣♣♣.....##.#.####
....♣♣)♣♣♣#.....####.#....#
..........#.# #.##...####.#
...(.#..g#.>###.##.#......#
########.†..g.g....#....####
#####.##.#####.#.g...#
#<.)#..#.### #######g#
###.##.#.g@# #.....#
#....###.# #.##### ######
#g# #.#### #.# #....#
#.########.# #.......##.#
#######....# #.#### #.#


You could see 2 gnolls.

Vanquished Creatures
  2 gnolls
  4 adders
  An ooze (D:1)
  A dart slug (D:1)
  2 leopard geckos
  2 giant cockroaches
  7 goblins
  3 hobgoblins
  4 jackals (D:2)
  2 quokkas (D:3)
  7 bats
  5 frilled lizards
  4 kobolds
  7 rats
51 creatures vanquished.

Notes
Turn   | Place    | Note
-------+----------+-------------------------------------------
     0 | D:1      | ponk the Spriggan Assassin began the quest for the Orb.
     0 | D:1      | Reached XP level 1. HP: 10/10 MP: 2/2
    33 | D:1      | Reached skill level 6 in Stealth
   287 | D:1      | Reached XP level 2. HP: 14/14 MP: 3/3
   562 | D:1      | Reached skill level 7 in Stealth
   562 | D:1      | Reached XP level 3. HP: 18/18 MP: 4/4
   883 | D:2      | Found a blossoming altar of Fedhas.
  1225 | D:2      | Reached skill level 8 in Stealth
  1506 | D:2      | Reached XP level 4. HP: 22/22 MP: 5/5
  2262 | D:3      | Reached skill level 9 in Stealth
  2444 | D:3      | Slain by a gnoll

Skill      XL: |  1  2  3  4 |
---------------+-------------+-----
Stealth        | 6 7 8 9 |  9.1
Fighting       | |  1.5
Short Blades   | |  2.2
Throwing       | |  2.1
Dodging        | |  1.5

Action                   |  1- 3 |  4- 6 || total
-------------------------+-------+-------++-------
Melee: Dagger            |    34 |    93 ||   127
 Fire: Blowgun           |    41 |       ||    41
  Use: Scroll            |     4 |       ||     4
 Stab: Sleeping          |    11 |     3 ||    14
Armor: Robe              |     2 |    10 ||    12
Dodge: Dodged            |    21 |    76 ||    97
